 Dungeon Crawl Stone Soup version 0.30-a0-715-gdb4ae3ece1 (webtiles) character file.

Game seed: 12202851802889361053

9 M4edhros the Insei (level 2, -2/27 HPs)
             Began as an Octopode Transmuter on Jan 24, 2023.
             Slain by a hornet (4 damage)
             ... on level 5 of the Dungeon.
             The game lasted 00:01:18 (229 turns).

M4edhros the Insei (Octopode Transmuter)             Turns: 229, Time: 00:01:19

Health: -2/27      AC: 21    Str:  7 (9)  XL:     2   Next: 12%
Magic:  5/5        EV:  2    Int: 14 (15) God:
Gold:   37         SH:  0    Dex:  9 (12) Spells: 4/5 levels left

rFire   . . .      SeeInvis .      - Unarmed
rCold   . . .      Faith    .    (no shield)
rNeg    . . .      Spirit   .    (helmet currently unavailable)
rPois   +          Reflect  .    (no amulet)
rElec   .          Harm     .    f - ring of poison resistance
rCorr   .          Rampage  .    (no ring)
Will    .....      NoTele   +    (no ring)
Stlth   +                        (no ring)
HPRegen 0.24/turn                (no ring)
MPRegen 0.09/turn                (no ring)
                                 (no ring)
                                 (no ring)

@: tree-form, slowed, very slow
A: stationary, stasis, torment immunity, boosted hp, almost no armour,
(amphibious), 8 rings, (camouflage 1), (gelatinous body 1), (nimble swimmer 1),
(tentacles)
a: no special abilities


You were on level 5 of the Dungeon.
You were a tree.
You visited 1 branch of the dungeon, and saw 5 of its levels.

You collected 37 gold pieces.

Inventory:

Jewellery
 f - a ring of poison resistance (left branch)
Scrolls
 b - a scroll of amnesia {unknown}
 c - a scroll of teleportation {unknown}
 e - a scroll of vulnerability {unknown}
Potions
 d - 2 potions of degeneration
 g - a potion of ambrosia {unknown}


   Skills:
 - Level 1.0 Fighting
 - Level 2.0 Dodging
 + Level 3.6 Unarmed Combat
 - Level 2.0 Spellcasting
 - Level 2.0 Transmutations


You had 4 spell levels left.
You knew the following spells:

 Your Spells              Type           Power      Damage    Failure   Level
a - Beastly Appendage     Tmut           14%        N/A       11%         1

Your spell library contained the following spells:

 Spells                   Type           Power      Damage    Failure   Level
 Wereblood                Tmut           7%         N/A       16%         2
 Spider Form              Tmut/Pois      4%         N/A       43%         3
 Ice Form                 Ice/Tmut       4%         N/A       83%         4


Dungeon Overview and Level Annotations

Branches:
Dungeon (5/15)
 Temple: D:4-7

Altars:

Annotations:
D:2 Natasha


Innate Abilities, Weirdness & Mutations

You are a tree.
Your roots penetrate the ground, keeping you stationary.
You cannot be teleported.
You are immune to unholy pain and torment.
Your maximum health is greatly increased.
You cannot wear most types of armour.
((You are amphibious.))
You can wear up to eight rings at the same time.
((Your skin changes colour to match your surroundings (Stealth+).))
((Your rubbery body absorbs attacks. (AC +1, EV +1)))
((You are camouflaged when in or above water. (Stealth+)))
((You have tentacles for arms and can constrict up to eight enemies at once.))


Message History

You open the door.
There is an open door here.
A hornet comes into view.
You aren't carrying any items that you can evoke.
Okay, then.
The hornet buzzes angrily.
The hornet misses you. The hornet stings you!
You feel yourself slow down.
Really quaff the potion of lignification?
You turn into a tree.
Your roots penetrate the ground.
The hornet barely misses you. The hornet stings you.
You barely miss the hornet.
You feel yourself speed up.
The hornet stings you but does no damage. x2
You hit the hornet.
The hornet is lightly wounded.
The hornet stings you but does no damage.
You hit the hornet.
The hornet is lightly wounded.
The hornet stings you but does no damage. x2
You closely miss the hornet.
The hornet is lightly wounded.
The hornet stings you but does no damage.
You hit the hornet.
The hornet is moderately wounded.
The hornet stings you.
You feel yourself slow down.
The hornet stings you but does no damage.
You closely miss the hornet.
The hornet is moderately wounded.
You feel yourself speed up. The hornet stings you.
The hornet completely misses you.
You smack the hornet!
The hornet is heavily wounded.
The hornet stings you!
* * * LOW HITPOINT WARNING * * *
You feel yourself slow down.
It was a potion of degeneration.
There was something very wrong with that liquid.
You feel weakened.
You feel dopey.
You feel clumsy. The hornet barely misses you. The hornet stings you.
You die...

####'####
#....#
#....#
#....#
#....#
###'## #.#
#########.#
#.....y♣..#
##.########


You could see a hornet.

Vanquished Creatures
  An orc (D:3)
  A goblin (D:3)
  2 hobgoblins (D:3)
  A kobold (D:3)
  A frilled lizard (D:3)
  A rat (D:3)
7 creatures vanquished.

Notes
Turn   | Place    | Note
-------+----------+-------------------------------------------
     0 | D:1      | M4edhros the Octopode Transmuter began the quest for the
                  | Orb.
     0 | D:1      | Reached XP level 1. HP: 13/13 MP: 3/3
    48 | D:2      | Noticed Natasha
   118 | D:3      | Reached XP level 2. HP: 11/18 MP: 5/5
   202 | D:5      | Entered Level 5 of the Dungeon
   218 | D:5      | Noticed a hornet
   228 | D:5      | HP: 1/27 [hornet (9)]
   229 | D:5      | Slain by a hornet

Illustrated notes

Levels and vault maps discovered:
D:1:      dpeg_arrival_pits, layout_basic, minmay_pentomino_r2
D:2:      layout_basic, minmay_diced_spiral, uniq_crazy_yiuf_cottage,
          uniq_natasha
D:3:      layout_basic, uniq_jessica
D:4:      layout_basic, minmay_temple_entry_antechambers
D:5:      layout_basic, fedhas_bush_and_centaur_altar, corexii_corridor_pit,
          minmay_shop_grid_forest, uniq_prince_ribbit1

Action                     || total
---------------------------++-------
  Melee: Unarmed           ||    25
         Constrict         ||     5
         Tentacles         ||     3
         Punch             ||     1
    Use: Potion            ||     2
 Armour: Skin              ||     7
  Dodge: Dodged            ||    13

Table legend: (Time is in decaauts)
 A = Elapsed time spent in this place.
 B = Non-inter-level travel time spent in this place.
 C = Inter-level travel time spent in this place.
 D = Time resting spent in this place.
 E = Time spent auto-exploring this place.
 F = Levels seen in this place.
 G = Mean time per level.
                   A        B        C        D        E       F      G
               +--------+--------+--------+--------+--------+-----+--------+
         Total |    227 |    214 |     13 |      0 |     25 |   5 |   45.4 |
       Dungeon |    227 |    214 |     13 |      0 |     25 |   5 |   45.4 |
               +--------+--------+--------+--------+--------+-----+--------+

Top non-repeatable levels by time:
     D:3: 84 daAuts
     D:4: 60 daAuts
     D:1: 46 daAuts
     D:5: 27 daAuts
     D:2: 8 daAuts
